Map: Port Aleksander LE

Players

Beastyqt

  • Race: Terran Terran
  • League: Grandmaster
  • Spawn Location: 5:00

Lambo - Winner!

  • Race: Zerg Zerg
  • League: Master
  • Spawn Location: 11:00

VOD

Have the link to the VOD?

Description

Time

  • Played on: Nov. 30, 2018, 2:14 p.m.
  • Length: 21:05
Show
View Real Time Build Order
Export as new Build Order

Beastyqt Terran 

Build Orders: Hellion Opening, Reaper Expand 

Get SALT Encoding   

  12  0:01  SCV  
  13  0:13  SCV  
  14  0:18  Supply Depot  
  14  0:25  SCV  
  15  0:39  SCV  
  15  0:41  Barracks  
  16  0:45  Refinery  
  16  0:51  SCV  
  17  1:03  SCV  
  18  1:15  SCV  
  19  1:29  Orbital Command, Reaper  
  20  1:42  Command Center  
  20  1:55  Supply Depot, SCV  
  21  2:01  Marine  
  21  2:07  SCV  
  23  2:10  Factory  
  23  2:19  SCV  
  23  2:22  Barracks Reactor  
  24  2:29  Refinery  
  24  2:31  SCV  
  25  2:43  SCV  
  26  2:54  Orbital Command  
  26  2:56  SCV  
  27  3:04  Starport  
  27  3:05  Hellion x2  
  31  3:08  SCV  
  32  3:18  Barracks Tech Lab, Supply Depot  
  32  3:23  SCV  
  32  3:25  SCV  
  32  3:26  Hellion x2  
  38  3:35  SCV  
  38  3:37  SCV  
  40  3:45  Fusion Core  
  40  3:48  Viking  
  42  3:49  Supply Depot  
  42  3:50  SCV x2  
  42  3:55  Hellion  
  46  3:58  Hellion  
  46  4:02  SCV  
  49  4:05  SCV  
  49  4:06  Supply Depot  
  50  4:13  Supply Depot  
  50  4:14  SCV  
  51  4:17  SCV  
  56  4:24  Hellion x2  
  56  4:26  SCV  
  58  4:31  SCV  
  58  4:38  SCV  
  58  4:39  Battlecruiser  
  58  4:42  Supply Depot  
  58  4:43  SCV  
  66  4:49  Supply Depot  
  66  4:50  SCV  
  66  4:52  Hellion  
  69  4:53  Hellion  
  69  4:58  Armory, SCV  
  72  5:02  SCV  
  73  5:12  Command Center  
  73  5:18  SCV  
  73  5:20  Refinery, SCV  
  75  5:22  Refinery  
  75  5:26  Hellion x2  
  79  5:29  Weapon Refit  
  79  5:30  SCV  
  79  5:33  SCV  
  81  5:42  Supply Depot, SCV  
  82  5:45  SCV  
  83  5:54  SCV  
  84  5:57  Banshee, SCV  
  88  6:06  SCV  
  88  6:07  Factory x2  
  88  6:09  SCV  
  82  6:14  Hellion x2  
  85  6:18  SCV  
  85  6:21  Terran Vehicle And Ship Armor Level 1, SCV  
  87  6:28  Orbital Command  
  87  6:30  SCV  
  88  6:33  SCV  
  88  6:35  Hellion  
  88  6:36  Hellion  
  93  6:41  Cloaking Field  
  93  6:42  Factory x2, SCV  
  93  6:45  SCV  
  93  6:46  Refinery  
  95  6:47  Refinery  
  95  6:48  Hellion x6  
  95  6:55  Supply Depot, SCV x2  
  95  6:56  Factory Tech Lab  
  95  6:57  Factory Tech Lab, Hellion x2  
  95  6:59  SCV  
  95  7:00  Banshee  
  105  7:07  SCV  
  106  7:12  SCV  
  107  7:16  Infernal Pre-Igniter, Hellion x2  
  107  7:18  Mag-Field Accelerator  
  107  7:21  SCV  
  107  7:22  Hellion x2, SCV  
  117  7:26  SCV  
  117  7:27  Supply Depot  
  117  7:28  Supply Depot  
  116  7:33  SCV  
  116  7:35  SCV  
  116  7:37  Hellion x2  
  116  7:38  SCV  
  114  7:45  SCV  
  101  7:53  SCV  
  101  7:56  Cyclone x2  
  101  7:57  SCV  
  94  8:00  SCV  
  92  8:05  SCV  
  92  8:06  Banshee  
  92  8:09  SCV  
  92  8:12  Factory Tech Lab, SCV  
  98  8:13  Factory Tech Lab  
  98  8:14  Hellion x2  
  98  8:17  SCV  
  103  8:28  Cyclone x2  
  103  8:30  Command Center  
  109  8:35  Terran Vehicle And Ship Armor Level 2  
  109  8:37  Cyclone x2  
  109  8:38  Hellion  
  109  8:39  Hellion  
  119  8:43  Supply Depot  
  119  8:49  Engineering Bay  
  119  8:56  SCV x2  
  119  8:57  Banshee  
  119  9:00  Cyclone x2  
  119  9:02  Starport  
  132  9:03  Hellion  
  132  9:04  Starport  
  132  9:06  Supply Depot  
  132  9:10  Hellion x2  
  135  9:33  Cyclone x4  
  135  9:34  Hellion  
  135  9:35  Hellion  
  151  9:40  Banshee  
  154  9:52  Planetary Fortress, Missile Turret  
  154  9:56  Hellion  
  154  9:58  Drilling Claws  
  154  9:59  Smart Servos  
  150  10:00  Refinery  
  150  10:01  Widow Mine  
  150  10:03  Refinery  
  150  10:05  Cyclone  
  150  10:06  Widow Mine  
  157  10:23  Banshee  
  157  10:24  Starport Tech Lab  
  157  10:25  Starport Tech Lab  
  160  10:30  Armory  
  160  10:35  Cyclone x2  
  166  10:37  Command Center  
  166  10:38  Hellion x2  
  170  10:43  Supply Depot  
  170  10:44  Supply Depot  
  170  10:51  Cyclone  
  170  10:54  Supply Depot  
  170  10:56  Supply Depot, Banshee  
  172  11:00  Banshee  
  171  11:04  Terran Vehicle And Ship Armor Level 3  
  171  11:06  Banshee  
  173  11:29  Siege Tank  
  173  11:30  Siege Tank x3  
  185  11:33  Terran Vehicle Weapons Level 1  
  185  11:34  Hellion x2  
  185  11:39  SCV x3  
  192  11:40  Neosteel Armor  
  183  12:02  Siege Tank x3  
  183  12:04  Banshee x2  
  196  12:13  Command Center  
  193  12:32  Cyclone  
  193  12:33  Hellion, Missile Turret  
  193  12:36  Sensor Tower  
  198  12:41  Planetary Fortress  
  198  12:42  Command Center  
  197  12:44  Siege Tank  
  197  12:46  Sensor Tower  
  200  12:54  Factory x2, Liberator x2  
  200  12:55  Factory  
  200  13:04  Hyperflight Rotors  
  200  13:11  Advanced Ballistics  
  197  13:14  Refinery  
  197  13:15  Refinery  
  197  13:25  Hi-Sec Auto Tracking  
  177  13:45  Cyclone  
  177  13:46  Hellion x2, Cyclone x3  
  178  13:55  Liberator x2  
  178  14:00  Command Center  
  163  14:43  Factory Tech Lab x3  
  163  14:44  Thor x3  
  181  14:46  Hellion x2  
  185  14:56  Viking x2  
  185  14:57  Viking  
  188  15:17  Orbital Command  
  188  15:26  Thor  
  188  15:27  Thor  
  188  15:28  Hellion x2  
  195  15:46  Terran Ship Weapons Level 1, Terran Vehicle Weapons Level 2  
  195  15:56  Missile Turret  
  195  16:11  Viking x3  
  178  16:16  SCV  
  181  16:22  Planetary Fortress, SCV  
  182  16:25  Thor x2  
  182  16:29  Hellion x3  
  195  17:14  Refinery  
  195  17:15  Refinery  
  192  17:26  Cyclone x2  
  192  17:27  Hellion  
  188  18:04  Battlecruiser x2  
  195  18:15  SCV x2  
  195  18:16  SCV  
  195  18:18  SCV  
  193  18:27  Battlecruiser  
  199  18:36  Command Center x2  
  195  19:21  Battlecruiser  
  183  19:43  Thor x5  
  183  19:44  Siege Tank x2  
  183  19:45  Hellion x2  
  162  19:57  Battlecruiser x2  
  159  20:08  Hellion  
  161  20:16  Cyclone x2  
Show
View Real Time Build Order
Export as new Build Order

Lambo Zerg - Winner!

Build Orders: Hatch First, Brood Lord Corruptor 

Get SALT Encoding   

  12  0:00  Drone  
  13  0:12  Overlord  
  13  0:17  Drone  
  14  0:31  Drone x2  
  16  0:49  Hatchery  
  15  0:52  Drone  
  15  0:56  Drone  
  17  1:00  Drone  
  18  1:10  Extractor  
  17  1:15  Spawning Pool  
  17  1:18  Drone  
  17  1:22  Drone  
  18  1:29  Drone  
  19  1:39  Drone  
  20  1:54  Overlord  
  20  2:02  Queen x2, Zergling x2  
  20  2:03  Zergling x2  
  26  2:12  Metabolic Boost  
  26  2:13  Drone  
  26  2:14  Drone  
  28  2:22  Drone  
  29  2:23  Drone  
  29  2:46  Drone  
  29  2:48  Queen  
  32  2:53  Hatchery, Overlord  
  32  2:56  Drone  
  32  3:00  Drone  
  33  3:07  Drone  
  33  3:11  Drone x2  
  36  3:14  Drone x3  
  39  3:21  Drone  
  39  3:22  Overlord  
  39  3:26  Queen  
  40  3:31  Drone  
  43  3:41  Drone x2  
  45  3:42  Queen  
  45  3:46  Zergling x6  
  45  3:47  Zergling x2  
  51  3:49  Drone  
  51  3:52  Overlord  
  52  4:01  Overlord  
  52  4:05  Queen  
  52  4:08  Queen  
  56  4:10  Drone x3  
  56  4:12  Zergling x2  
  56  4:16  Drone x2  
  62  4:17  Drone  
  62  4:21  Overlord  
  63  4:25  Overlord  
  63  4:27  Drone  
  63  4:30  Drone x2  
  64  4:32  Drone  
  64  4:37  Overlord  
  65  4:40  Spore Crawler  
  65  4:42  Baneling Nest, Spore Crawler  
  65  4:44  Spore Crawler  
  65  4:45  Drone  
  62  4:50  Drone x3  
  62  4:52  Drone  
  65  4:56  Lair  
  65  5:01  Drone  
  65  5:02  Drone x3  
  65  5:05  Extractor  
  65  5:06  Drone  
  65  5:07  Extractor  
  68  5:11  Drone x2  
  70  5:16  Overlord  
  70  5:17  Drone x2  
  70  5:18  Drone x3  
  75  5:22  Drone x3  
  75  5:25  Overlord  
  78  5:30  Zergling x4  
  78  5:31  Drone  
  78  5:34  Drone  
  82  5:37  Evolution Chamber x2  
  80  5:49  Hatchery, Queen  
  81  5:52  Zergling x8, Baneling x5  
  81  5:53  Zergling x2  
  81  5:56  Baneling x5  
  84  6:03  Zergling x10  
  84  6:04  Baneling x3  
  81  6:11  Drone x5  
  73  6:13  Drone x2  
  73  6:15  Drone  
  73  6:17  Drone  
  73  6:19  Drone  
  73  6:22  Drone x2  
  73  6:24  Drone  
  77  6:27  Drone x2  
  77  6:31  Queen  
  81  6:35  Zerg Missile Weapons Level 1  
  81  6:40  Drone x3  
  81  6:41  Drone  
  81  6:45  Extractor  
  84  6:47  Hydralisk Den  
  84  6:48  Hatchery  
  84  6:50  Drone x3  
  86  6:55  Extractor x2, Centrifical Hooks  
  86  6:58  Zerg Ground Armor Level 1  
  86  7:01  Overseer  
  84  7:02  Drone x2  
  84  7:04  Drone  
  84  7:06  Drone  
  84  7:07  Drone  
  89  7:11  Drone x4  
  89  7:12  Drone  
  89  7:15  Spore Crawler, Drone  
  95  7:18  Grooved Spines  
  95  7:22  Spore Crawler  
  93  7:24  Hydralisk x2, Baneling x3  
  95  7:37  Hydralisk, Baneling x3  
  95  7:43  Zergling x4, Hydralisk  
  97  7:45  Baneling x2  
  97  7:50  Zergling x6  
  94  7:53  Hydralisk  
  94  7:54  Zergling x2, Hydralisk  
  97  8:01  Hydralisk x2  
  97  8:02  Hydralisk  
  100  8:12  Hydralisk x4  
  101  8:14  Queen  
  101  8:16  Drone  
  103  8:20  Drone  
  103  8:26  Overlord x3  
  104  8:30  Muscular Augments  
  104  8:34  Infestation Pit, Overlord  
  103  8:36  Overlord  
  103  8:43  Overlord  
  103  8:44  Queen, Zerg Missile Weapons Level 2  
  105  8:50  Overlord  
  105  8:52  Baneling x5, Zerg Melee Weapons Level 1  
  105  8:58  Hydralisk x4  
  105  9:00  Zergling x12  
  105  9:01  Overseer  
  119  9:06  Drone x3  
  119  9:07  Extractor  
  119  9:08  Extractor  
  119  9:22  Pathogen Glands  
  119  9:25  Drone x2  
  119  9:26  Drone x4  
  119  9:29  Spine Crawler  
  123  9:31  Spine Crawler  
  123  9:36  Hydralisk x7  
  135  9:43  Overseer  
  135  9:47  Baneling x6  
  135  9:48  Baneling x2  
  135  9:52  Drone x5  
  136  9:53  Drone x3  
  136  9:55  Drone x2  
  136  9:57  Drone x3  
  140  10:03  Infestor x2  
  144  10:07  Infestor  
  144  10:09  Overlord x2  
  144  10:15  Overlord  
  144  10:16  Overlord  
  144  10:21  Spine Crawler  
  143  10:26  Overlord  
  143  10:27  Burrow  
  143  10:28  Pneumatized Carapace  
  143  10:31  Infestor x2  
  147  10:37  Overlord  
  147  10:38  Overlord  
  147  10:43  Infestor  
  147  10:45  Zergling x22  
  154  10:51  Hydralisk  
  154  10:52  Zergling x6  
  154  10:55  Zergling x4, Hydralisk  
  160  10:57  Drone  
  160  11:01  Hydralisk x2  
  160  11:03  Drone  
  164  11:05  Zerg Melee Weapons Level 2  
  164  11:11  Baneling x8  
  163  11:15  Overseer  
  163  11:22  Hive  
  163  11:25  Spire  
  162  11:33  Queen  
  162  11:36  Drone x3  
  162  11:39  Hatchery  
  166  11:52  Spine Crawler  
  166  11:53  Spine Crawler  
  159  11:56  Drone  
  159  11:58  Drone  
  159  11:59  Drone x2  
  159  12:00  Spine Crawler  
  160  12:09  Hydralisk x8  
  160  12:15  Hatchery  
  172  12:19  Infestation Pit  
  170  12:23  Spore Crawler  
  168  12:31  Zerg Ground Armor Level 2  
  168  12:39  Greater Spire  
  168  12:42  Spore Crawler  
  166  12:45  Zergling x24, Hydralisk x2  
  166  12:49  Queen, Infestor  
  184  12:53  Infestor  
  184  13:10  Infestor x2  
  186  13:18  Drone x4  
  172  13:34  Corruptor  
  172  13:35  Corruptor x8  
  190  13:42  Corruptor  
  190  13:44  Overlord  
  182  13:49  Corruptor x2  
  182  13:50  Overlord x2  
  185  14:00  Neural Parasite  
  183  14:06  Hatchery  
  182  14:10  Brood Lord x2  
  182  14:11  Brood Lord  
  188  14:21  Brood Lord x2  
  192  14:25  Brood Lord  
  194  14:33  Brood Lord x2  
  197  14:38  Brood Lord  
  199  14:49  Zerg Flyer Weapons Level 1  
  199  14:55  Hatchery  
  198  15:00  Brood Lord  
  188  15:30  Viper x4  
  188  15:33  Brood Lord  
  194  15:36  Drone x4  
  194  15:37  Drone x2  
  194  15:40  Extractor x2, Spore Crawler  
  197  15:47  Queen  
  199  15:59  Spire  
  188  16:12  Corruptor x6  
  199  16:28  Spore Crawler  
  199  16:29  Spine Crawler, Drone  
  199  16:30  Spine Crawler, Drone  
  192  16:46  Drone x3  
  190  16:49  Hatchery  
  190  16:52  Corruptor x2  
  190  16:55  Drone x4  
  194  17:06  Zerg Missile Weapons Level 3  
  194  17:07  Zerg Melee Weapons Level 3  
  194  17:13  Zerg Flyer Armor Level 1, Zerg Flyer Weapons Level 2  
  194  17:21  Drone x5  
  199  17:38  Extractor  
  199  17:42  Extractor  
  197  17:49  Hatchery x2  
  195  17:58  Overlord  
  189  18:06  Overseer  
  189  18:07  Overseer  
  180  18:17  Corruptor x5  
  167  18:23  Drone x2  
  167  18:24  Drone x10  
  167  18:25  Drone x2  
  181  18:46  Brood Lord x3  
  181  18:48  Drone x3  
  189  18:50  Corruptor  
  192  19:00  Brood Lord  
  194  19:09  Brood Lord x2  
  192  19:10  Brood Lord  
  187  19:18  Unknown  
  187  19:20  Corruptor x3  
  176  19:42  Unknown x2  
  163  19:45  Hydralisk x7  
  163  19:52  Viper x2  
  181  20:04  Hydralisk x3  
  185  20:26  Corruptor x4  
Tags
 
Add a new tag
Caveats
  • Supply blocks, unpowered buildings, or Contaminate may cause inaccurate times.
  • Supply counts are checked every 10 seconds.